[Event "Bundesliga 1516"]
[Site "Germany"]
[Date "2015.12.12"]
[Round "3.1"]
[White "Rapport, Richard"]
[Black "Bluebaum, Matthias"]
[Result "1-0"]
[ECO "C02"]
[WhiteElo "2715"]
[BlackElo "2590"]
[Annotator "Meyer,CD"]
[PlyCount "89"]
[EventDate "2015.09.18"]
[EventType "team-tourn"]
[EventRounds "15"]
[EventCountry "GER"]
[SourceTitle "CBM 170"]
[Source "ChessBase"]
[SourceDate "2016.01.15"]
[SourceVersion "1"]
[SourceVersionDate "2016.01.15"]
[SourceQuality "1"]
[WhiteTeam "Solingen"]
[BlackTeam "Werder Bremen"]
[WhiteTeamCountry "GER"]
[BlackTeamCountry "GER"]
[TimeControl "40/6000+30:3000+30"]

{BLOCKADEN UND HEBEL} 1. e4 e6 2. d4 d5 3. e5 c5 4. c3 Qb6 5. Nf3 Nc6 6. a3 c4 {[%emt 0:00:55] "In the initial
stage both sides have several alternatives with independent ideas, but after a
few moves many different continuations will lead to the same position ...
there is hardly any theory on this line." (V. Moskalenko, 2008) Das zähe
Blockade-System im Vorstoß-Franzosen, bei der es weniger auf konkrete
Varianten als auf die Kenntnis von typischen Ideen und Plänen bzw. aufs
Stellungsverständnis ankommt. An der alten Auffassung, dass hiernach ein
schwieriger positioneller Kampf entsteht, bei dem die Chancen für Weiß als
etwas besser angesehen werden müssen, hat sich m. E. bis heute nichts
geändert.} ({Andere Fortsetzungen mit Rapport- bzw. Blübaum-Beteiligung: I} 
6... Nh6 7. b4 cxd4 8. Bxh6 gxh6 9. cxd4 Bd7 10. Ra2 Rc8 11. Rc2 Bg7 12. Nc3
Nxd4 (12... O-O) 13. Qxd4 Qxd4 14. Nxd4 Bxe5 15. Nce2 $14 {, 1-0 (40) Rapport,
R (2674)-Berg,E (2561) Malmo 2013}) ({II} 6... Nge7 7. Bd3 cxd4 8. cxd4 Nf5 9.
Bxf5 exf5 10. Nc3 Be6 11. O-O h6 12. Na4 Qc7 (12... Qb5) 13. Ne1 Be7 14. Be3
O-O 15. Nd3 b6 16. Nc3 Na5 17. Nf4 Qd7 18. Qf3 Rfd8 $13 {/=, 1-0 (56) Rapport,
R (2577)-Bluebaum,M (2428) Sibenik 2012}) 7. Be2 ({Die als
genauer geltende Zugfolge} 7. Nbd2 Na5 8. Be2 {wird auch häufiger praktiziert
und führt nach} Bd7 9. Rb1 {zur nachstehenden Partie Rapport vs Apicella})
7... Na5 8. Nbd2 Be7 ({
Der Textzug ist relativ selten anzutreffen, während} 8... Bd7 {die meist
übliche Wahl ist, z.B.:} 9. Rb1 (9. O-O Ne7 $13 (9... f6 $5 {Moskalenko}) 10.
Re1 Qc7 11. Rb1 Nc8 12. Nf1 Nb6 13. Bf4 Nb3 14. N3d2 Ba4 15. Nxb3 Bxb3 16. Qd2
Be7 17. Ng3 O-O-O 18. Nh5 g6 (18... Rhg8) 19. Nf6 $14 Nd7 20. Nxd7 $6 (20. Nxd5
$142 $1 exd5 21. e6 Bd6 22. exd7+ Qxd7 23. Bxd6 Qxd6 24. Bf3 $14) 20... Qxd7 {
0-1 (51) Schroeder,J (2175)-Bluebaum,M (2320) playchess.com INT 2011}) 9... Ne7
10. b4 cxb3 11. Nxb3 Ba4 (11... Rc8 $142 $5 12. Nbd2 Qc6 $13 {remis/24m
Doroshenko,A (2362)-Galanov,S (2519) ICCF email 2012}) (11... Nxb3 $142 12.
Rxb3 Qc7 $13) 12. Nxa5 Bxd1 (12... Qxa5 $142 13. Qd3 Qc7 $13) 13. Rxb6 axb6 14.
Bb5+ Kd8 15. Nxb7+ Kc7 16. Kxd1 Kxb7 17. Ng5 Nc6 18. Nxf7 Rg8 19. a4 h6 $6 (
19... Be7 $14) 20. f4 $16 Be7 (20... g6 21. g4 Kc7 22. f5 gxf5 23. gxf5 exf5
24. e6 $1) 21. f5 exf5 22. Rf1 {1-0 (41) Rapport,R (2674)-Apicella,M (2532)
Haguenau 2013}) 9. O-O Nh6 (9... Bd7 10. Rb1
(10. Re1)) 10. Qe1 {[%emt 0:02:45] Leitet die Aktivierung seines
Königsläufers mittels Be2-d1-c2 ein.} ({Alternativen, z.B.: I} 10. b4 $5 cxb3
11. Rb1 $13) ({II} 10. Rb1 $5 Bd7 11. Re1 (11. b3 $5) 11... Nf5 12. Nf1 h6 13.
Ne3 O-O 14. h3 Nxe3 15. Bxe3 Qc7 16. Nd2 Nb3 17. Nxb3 Ba4 18. Bg4 Bxb3 19. Qe2
$13 {/=, ½-½ (30) Hughes,S (2345)-Szabo,V (2338) LSS email 2010}) 10... Nf5 11. Bd1 Bd7 12. Bc2 h6 13. Kh1 {Weiß verabschiedet sich (zunächst) von einer
Öffnung des Damenflügels (b3 bzw. b4) und plant mit umständlichen Manövern
das Vorgehen seiner Königsflügelbauern (f4, g4). Nun wäre auch
beispielsweise} (13. Qd1 Rc8 14. Rb1 Bd8 15. b3 Nxb3 16. Nxb3 cxb3 17. Rxb3 Qc7
{nicht erstrebenswert für ihn.}) 13... Qc7 (13... g5 14. g4
$13) 14. Ng1 g5 $5 ({Auch in Betracht kam
zunächst} 14... O-O-O $5 {plus gelegentliches ...g5. Weiß wird vermutlich
dann doch dazu übergehen, mittels b3 Aktivitäten zu entfalten.}) 15. g4 $5 Nh4 16. f4 $1 gxf4 $6 {
[%emt 0:10:01] Danach vermag Weiß die Initiative an sich zu reißen. Besser
war der Gegenhebel} (16... h5 $142 $1 17. fxg5 (17. gxh5 $143 g4) 17... hxg4
18. Rf4 Bxg5 19. Rxg4 Be7 20. Ndf3 Nxf3 21. Nxf3 O-O-O $13 {/=. Weiter könnte
folgen:} 22. Bg5 Bxg5 23. Rxg5 (23. Nxg5 $2 f5 $1) 23... Nc6 24. Qg3 Qb6 25.
Rb1 Rdf8 26. Rg7 f6 27. Nh4 Be8 28. b3 Qd8 {mit etwa gleichen Chancen}) 17.
Rxf4 {[%emt 0:11:11] Nun fällt die Verteidigung aufgrund der strukturellen
Mängel am Königsflügel bereits schwer.} f5 {[%emt 0:06:46] Um den Druck auf
der f-Linie abzuschütteln, indes begünstigen die resultierenden
Komplikationen eher den Gegner.} ({Andere Versuche: I} 17... Ng6 18. Rf1 $14 {
, z.B.} Rh7 19. Ne2 O-O-O 20. Nf4 Kb8 21. Nh5 $1 (21. Nxg6 $143 fxg6 22. Bxg6
Rg7 23. Bh5 Be8 $13)) ({II} 17... h5 18. g5 $1 Ng6 (18... Nf5 19. h4 $14) 19.
Rf3 Bc6 (19... Bxg5 $2 20. Nxc4 $1 Bh4 (20... dxc4 21. Bxg5 $16) 21. Bxg6 $1
Bxe1 22. Nd6+ Kf8 (22... Kd8 $4 23. Bg5+ f6 24. Bxf6#) 23. Rxf7+ Kg8 24. Bg5
$18 {, z.B.} Bd2 25. Bxd2 Nb3 26. Rd1 Rf8 (26... Nxd2 27. Rxd2 Rh6 28. Rg2) 27.
Bg5 Rxf7 28. Bxf7+ Kh7 29. Nf3) 20. Ne2 $14) 18. Ndf3 $1 Nxf3 (18... Ng6 $2 {erweist sich nach} 19. gxf5 Nxf4 20. Bxf4 {
als Bumerang:} O-O-O (20... exf5 $2 21. e6 Qxf4 22. exd7+ Kd8 23. Ne5) 21. Ne2
Rdg8 22. f6 Bd8 23. Be3 Be8 24. Nf4 $16 {(} Qb6 25. Rb1 Kb8 26. Qh4 Bf7 27. Qh3
{)}) 19. Nxf3 {[%emt 0:05:32] In allen Abspielen zeigt es sich nun, dass Weiß
hier die größeren Ressourcen hat.} fxg4 ({Das verlockende} 
19... Bg5 $2 {ist vermutlich sogar fehlerhaft:} 20. Nxg5 $1 (20. gxf5 Bxf4 21.
Bxf4 O-O-O (21... exf5 $4 22. Qh4 $1 $18 Bc6 23. Rg1 Qe7 24. Bg5 hxg5 25. Qxh8+
Qf8 26. Qh5+ Qf7 27. Qxg5) 22. Qe3 $5 (22. f6) 22... Qb6 23. Rb1 exf5 24. Nh4
$14) 20... hxg5 21. Rxf5 $3 exf5 (21... O-O-O 22. Rxg5 Nb3 23. Bxb3 cxb3 24.
Rg7 $16) 22. Bxg5 Nb3 23. Rd1 Ba4 (23... Be6 24. gxf5) (23... Bc8 24. gxf5) 24.
Bxf5 {und für den geopferten Turm hat Weiß mit anhaltendem Druckspiel gegen
den in der Mitte feststeckenden König nebst drei Mehrbauern verheißungsvolle
Kompensation (+/-).}) 20. Nh4 $1 O-O-O 21.
Ng6 Rh7 22. Rxg4 $6 ({
Genauer war} 22. Nxe7+ $142 Rxe7 23. Qh4 {und wegen der Schwäche der
schwarzen Königsflügelbauern hat Weiß deutlichen Vorteil, z.B.} Ree8 24. Rb1
$1 Nb3 25. Be3 h5 (25... Rh8 26. Rxg4) 26. Rf7 $1 Rh8 27. Bg5 Rde8 28. Bf6 Rhg8
29. Rd1 Qb6 30. Bh7 Rgf8 31. Rxf8 Rxf8 32. Qxh5 $16) 22... Nb3 23. Bxb3 cxb3 24. Bxh6 $14 {[%emt 0:00:23]
So hat der Anziehende zwar einen Bauern erobert, aber seine Vorteilsverwertung
außerordentlich erschwert.} ({Oder auch} 24. Nxe7+ Rxe7 25. Bxh6 $14) 24...
Be8 $6 (24... Bb5 $142 25. Qe3 ({nicht} 25. Nxe7+ Qxe7 26. Bg5
Qg7) 25... Re8 26. Rag1 Bd8 27. Bg5 Bxg5 28. Rxg5 $14) 25. Qd2 $6 ({Hier war der Abtausch des schwarzfeldrigen Läufers wieder das gegebene
Mittel:} 25. Nxe7+ $142 Qxe7 26. Bg5 Qg7 27. Rg2 Rd7 28. Bf6 Qh6 29. Qg3 $16)
25... Bxg6 (25... Bb5 26. Nxe7+ Qxe7 27. Bg5 Qg7 28. Rag1 $14
{, z.B.} Rdh8 29. h4 Rh5 30. Rf4) 26. Rxg6 Rdh8 27. Rag1 Bf8 $6 (27... Bd8 $142 $5 28.
R1g2 (28. Rg7 Rxg7 29. Rxg7 Qc4 $14) 28... Qf7 29. Qf4 $14) 28. Bxf8 Qf7 (28... Rxf8 $2 29. Rxe6 $18) 29. Bh6 $2 {[%emt 0:
00:18] Anstatt seinen Vorteil endgültig zu verdichten, greift der ungarische
Jungstar schwer daneben und gibt seinem Widersacher eine unverhoffte Chance.
Es musste} (29. Rf6 $142 $1 Rxh2+ (29... Qe8 $143 30. Rg7 $18) 30. Qxh2 Rxh2+
31. Kxh2 {mit großem Vorteil geschehen, z.B.} Qh5+ 32. Kg3 Qg5+ 33. Kf2 Qd2+
34. Kf3 Qd3+ (34... Qxb2 $143 35. Bh6 $1 Qxc3+ 36. Be3 $18) 35. Kg4 Qe2+ 36.
Rf3 {und höchstwahrscheinlich +- [} Kd7 (36... Qxb2 37. Kg5 Qc2 38. Kf6 b2 39.
Rff1 Kd7 40. Bd6) 37. a4 Qxb2 38. Kg5 Qc2 39. Rff1 b2 40. Kf6) 29... Rxh6 30. Rxh6 Rxh6 31. Qg2 $14 {
[%emt 0:00:06] Auf ein Neues, aber nun sollte der weiße Mehrbauer kaum noch
ins Gewicht fallen.} (31. Qxh6 $2 Qf3+ 32. Rg2 Qf1+ 33. Rg1 Qf3+ $11) 31... Rh8 32. Qg4 Kb8 33. h3 a5 34. Kh2 Ka7 35.
Rg2 a4 36. Kg1 Rh6 37. Rf2 Qh7 38. Kh2 Qb1 39. Qe2 Qh7 40. Qe3 Rh4 (40... Rh5 $142 41. c4 Rf5 42. cxd5 (42.
Rxf5 Qxf5 43. cxd5 Qc2+ 44. Kg3 Qxb2 $13 {/=}) 42... Rxf2+ 43. Qxf2 exd5 44.
Qe2 Qc2 45. Qg2 b5 46. e6 Qc7+ 47. Qg3 Qc2+ $11) 41. c4 $5 {[%emt 0:51:08]
Dieser Hebel stellt den letzten Gewinnversuch dar.} Re4 $6 ({
Den Vorzug verdienten: I} 41... Qe4 $142 42. Qd2 Rh8 43. cxd5 exd5 $44 {, z.B.}
44. Qf4 (44. Rf4 Qb1 45. Rf2 Qe4 (45... Rg8)) 44... Qe1) ({II} 41... dxc4 $142
42. d5+ Ka6 43. Rf6 (43. d6 Re4 $132 {=, z.B.} 44. Qd2 (44. Qc3 Qh4 45. Qg3
Qxg3+ 46. Kxg3 Rxe5 47. Rd2 Rg5+ 48. Kf4 c3 $1 49. bxc3 Rd5 50. Rxd5 exd5 51.
d7 b2 52. d8=Q b1=Q 53. Qxd5 Qc1+ $11 {, xa3/xc3}) 44... Rh4 45. Rf3 (45. Qc3
Re4 46. Rd2 Qh4 47. d7 Qf4+ 48. Kg2 Qg5+) 45... Qe4 $11) 43... b6 44. Rxe6 Qc2+
45. Kg3 Qd3 $1 46. Rxb6+ Ka5 47. Qxd3 cxd3 48. Rf6 Re4 49. Rf2 Rxe5 50. Kf4
Rxd5 51. Ke3 Kb5 $11) 42. Qd2 $1 Qc7 $2 {[%emt 0:03:28] der
partieentscheidende Fehler} ({Erforderlich war} 42... b6 $142 $8 {!} 43. cxd5 (
43. c5 Rh4 44. Qc3 (44. cxb6+ Ka6) 44... Kb7 45. cxb6 Qg7 $44 46. Rf1 Re4)
43... exd5 44. Qd3 Qh5 $44) 43. cxd5 exd5 44.
Qb4 $16 {[%emt 0:00:00] /+-} Qc4 {[%emt 0:01:39] (?) Ein Fauxpas in
aussichtsloser Lage. Jetzt hätte} (44... b6 {auch nicht mehr gereicht:} 45.
Qxa4+ Kb7 46. Qb4 Qc4 47. Qxc4 dxc4 48. Rd2 Re3 49. Kg2 $18 (49. h4 $18)) 45.
Qa5+ $18 (45. Qa5+ Qa6 46. Qxd5 Re2 47. Qc5+ Kb8 48. d5) 1-0

[Event "Belgrade RAD 30"]
[Site "Belgrade"]
[Date "1977.01.22"]
[Round "6.2"]
[White "Weinstein, Norman"]
[Black "Bukic, Enver"]
[Result "0-1"]
[ECO "C02"]
[WhiteElo "2475"]
[BlackElo "2480"]
[Annotator "Primel,D"]
[PlyCount "112"]
[EventDate "1977.01.15"]
[EventType "tourn"]
[EventRounds "13"]
[EventCountry "SRB"]
[EventCategory "9"]
[SourceTitle "EXT 2018"]
[Source "ChessBase"]
[SourceDate "2017.10.13"]
[SourceVersion "1"]
[SourceVersionDate "2017.10.13"]
[SourceQuality "1"]
[TimeControl "40/9000:16/5400:0"]

1. e4 c5 2. c3 e6 3. d4 d5 4. e5 Qb6 5. Nf3 Bd7 $5 6. Be2 (6. a3
) 6... Bb5 7. O-O Bxe2 8. Qxe2 Qa6 (8... Nc6) (8... cxd4) 9. Qd1 Nc6 (9... Nd7
10. Be3) 10. b3 $6 $146 {Trop lent} (10. dxc5 Bxc5 {Ciocaltea,V-Portisch,L
Ploiesti 1957 (5) 1-0}) 10... cxd4 11. cxd4 Rc8 12. a3 Nge7 13. Bb2 Nf5 14. Nc3
Be7 $11 15. Rc1 O-O 16. b4 Nb8 17. b5 Qa5 18. Qd3 g6 (18... Nd7 19. g4 Nh4) 19.
g4 Ng7 20. Ne2 Nd7 21. Rxc8 Rxc8 22. Rc1 Rxc1+ 23. Bxc1 Nb6 24. Ng5 Nc4 25. Qf3
Qe1+ 26. Kg2 Bxg5 27. Bxg5 Nd2 28. Bxd2 Qxd2 29. Qe3 Qd1 (29... Qxe3 $143 30.
fxe3 Kf8 31. Kf3 Ke7 32. e4 dxe4+ 33. Kxe4 ) 30. h3 h5 31. Kg3
Qc2 32. Nf4 Qc4 33. Kg2 Qxb5 34. gxh5 Nf5 35. Qc1 Qc4 36. Qxc4 dxc4 37. hxg6
Nxd4 $17 38. Kf1 fxg6 39. Nxg6 c3 (39... Kf7 $19) 40. Ke1 Nc2+ 41. Kd1 Nxa3 42.
Nf4 Kf7 43. Ne2 Nb5 44. h4 Kg6 45. h5+ $6 Kxh5 46. Nf4+ Kg5 47. Nxe6+ Kf5 48.
Nd8 b6 49. Nc6 Ke6 50. f4 a5 51. Nd8+ Kd7 52. Nf7 Nd4 53. Nd6 b5 54. Ne4 b4 55.
Nc5+ Kc6 56. e6 Nf5 0-1

[Event "Rohde op 12th"]
[Site "Sautron"]
[Date "2012.11.03"]
[Round "9"]
[White "Karpatchev, Aleksandr"]
[Black "Shirazi, Kamran"]
[Result "1-0"]
[ECO "C02"]
[WhiteElo "2458"]
[BlackElo "2414"]
[Annotator "RR"]
[PlyCount "78"]
[EventDate "2012.10.27"]
[EventType "swiss"]
[EventRounds "9"]
[EventCountry "FRA"]
[SourceTitle "EXT 2014"]
[Source "ChessBase"]
[SourceDate "2013.11.20"]
[SourceVersion "1"]
[SourceVersionDate "2013.11.20"]
[SourceQuality "1"]
[TimeControl "40/5400+30:1800+30"]
[WhiteClock "1:30:00"]
[BlackClock "1:30:00"]

1. e4 c5 2. c3 e6 (2... Nf6) (2... d5) 3. d4 (3. Nf3 d5) 3... d5 {
[%emt 0:00:39] Retombe d'une sicilienne vers une française fermée} 4. e5 Nc6 5. Nf3 Bd7 6. Be2 b5 {[%emt 0:00:31] Sans surprise, le MI choisit
une ligne secondaire} (6... Nge7) (6... Qb6) 7. O-O b4 (7... Qb6) 8. c4 $146 ({RR} 8. cxb4 Nxb4 9.
dxc5 Bxc5 10. a3 Nc6 11. b4 Bb6 12. Nc3 Nge7 13. Bb2 O-O 14. Na4 Ng6 15. Nxb6
Qxb6 16. Qd2 Rfc8 17. Rfc1 Nce7 18. h4 h6 19. h5 Nf8 20. Bd4 Qb7 21. Bc5 Be8
22. b5 Nh7 {Kharlov,A (2555)-Jensen,L (2205)/Stockholm 1992/TD/1-0 (42)}) ({RR
} 8. Be3 bxc3 9. bxc3 Nge7 10. dxc5 Ng6 11. Nbd2 Ngxe5 12. Nxe5 Nxe5 13. c4 Bc6
14. Bd4 Nxc4 15. Nxc4 dxc4 16. Bf3 Bxf3 17. Qxf3 Rc8 18. Rfd1 Qd5 19. Qg3 Rg8
20. Be3 Qc6 21. Rac1 Be7 22. Rxc4 h5 {Cherniack,A (2284)-Kelleher,W (2408)/
Windsor Locks 2003/EXT 2005/0-1}) 8... cxd4 9. cxd5 exd5 10. Nbd2 (10. Nxd4 $1 Nxe5 11.
Re1 ) 10... Bc5 11. Nb3 $14 Bb6 12. Bg5 Nge7 13. Bb5 h6 14. Bh4 O-O 15. Re1 Re8 (15... Rc8) 16. e6 $1 fxe6 17. Bxc6 Bxc6 18. Nbxd4 Bxd4 19. Nxd4 Qd7 20. Rc1 $14 Nf5 21. Nxc6 Nxh4 22. Qg4 Rac8 23. Nxb4 Rxc1 24. Rxc1 Rc8 25. Rxc8+ (25. Nd3) 25... Qxc8 26. h3 Qc1+ 27. Kh2 Nf5 28. Nd3 (28. Nxd5 Qxb2 $11) 28... Qd2 29. Qf3 Nd4 30. Qe3 Qxe3 31. fxe3 Nc2 32. Nc5 Kf7 33. e4 d4 34. e5 Nb4 35. Kg3 Nxa2 36. Nd3 a5 37. Kf3 Nc3 $2 $138 (37... Kg6 $11 ) 38. bxc3 dxc3 39. Ke3 h5 1-0

[Event "Sautron op 16th"]
[Site "Sautron"]
[Date "2016.10.22"]
[Round "6.3"]
[White "Manea, Alexandru"]
[Black "Malakhatko, Vadim"]
[Result "1/2-1/2"]
[ECO "C02"]
[WhiteElo "2382"]
[BlackElo "2514"]
[Annotator "RR"]
[PlyCount "61"]
[EventDate "2016.10.22"]
[EventType "swiss"]
[EventRounds "9"]
[EventCountry "FRA"]
[SourceTitle "EXT 2019"]
[Source "ChessBase"]
[SourceDate "2018.10.10"]
[SourceVersion "1"]
[SourceVersionDate "2018.10.10"]
[SourceQuality "1"]
[TimeControl "40/5400+30:1800+30"]
[WhiteClock "0:15:13"]
[BlackClock "0:20:17"]

1. e4 e6 2. d4 d5 3. e5 c5 4. c3 Qb6 (4... Nc6 5. Nf3 Bd7 6. Be2 f6 7. O-O fxe5 8. Nxe5 Nxe5 9. dxe5
Qc7 10. c4 d4 11. Re1 O-O-O $132) 5. Nf3 Nc6 6. a3 Nh6 (6... c4) (6... Bd7) 7. b4 cxd4 8. Bxh6 (8. cxd4 {
La grande ligne} Nf5) 8... gxh6 9. cxd4 Bd7 (9... Bg7 10. Nc3 O-O 11. Na4 $14) 10. Be2 (
10. Ra2 $5 Rc8 11. Rc2) 10... Rg8 (10... Rc8 11. O-O Bg7 12.
Qd3 f6 13. b5 Ne7 14. Nc3 {Degraeve,J (2465)-Bauer,C (2485) Montpellier 1993 1/
2}) 11. O-O Rg4 $1 12. h3 Rf4 13. g3 Rxf3 14.
Bxf3 Qxd4 15. Qxd4 Nxd4 16. Bh5 Bg7 (16... a5 17. Nc3
Rc8 18. Ne2 Nc2 19. Ra2 axb4 20. axb4 Nxb4 21. Ra7 Rb8 22. Rfa1 Na6 23. Rc1 Be7
24. Nf4 Nb4 25. Rca1 Na6 26. Rb1 Nb4 27. h4 Bc5 28. Ra5 b5 29. Kg2 Ke7 30. Be2
Bb6 31. Ra3 Nc2 32. Ra2 Nd4 33. Bg4 Nc6 34. Nd3 Bd4 35. f4 b4 36. Bd1 Bc3 37.
Ra6 Nd4 38. Nc5 Be8 39. Ra7+ Kf8 40. Ba4 Nb5 41. Bxb5 Rxb5 42. Rc7 Rxc5 43.
Rxc5 Ba4 44. Rc8+ Kg7 45. Rb8 Bc2 46. R1xb4 {Zherebukh,Y (2632)-Bartel,M (2677)
Lublin 2012 1-0 (66)}) 17. f4 a5 $5 $146 (17... Ke7 18. Nd2 f6 19. exf6+ Bxf6 20. Rac1 a5 21. Rfe1 axb4 22. axb4
Ra3 23. Nf1 Kd6 24. Ne3 Nc6 25. Kg2 Nxb4 26. Rb1 Nd3 27. Re2 Bc6 28. Ng4 Bg7
29. Nf2 Nxf2 30. Kxf2 Bd4+ 31. Kg2 e5 32. Bf3 e4 33. Bg4 Bc5 34. Bf5 e3 35. Kf3
d4+ 36. Be4 Ra8 37. Rd1 Kc7 38. Rc2 Kd6 39. Re2 Bxe4+ 40. Kxe4 Re8+ 41. Kd3 Kd5
42. Ra1 h5 43. g4 Rf8 44. f5 Ke5 45. Rg2 h4 46. Ra5 b6 47. Ra7 {Zherebukh,Y 
(2623)-Malakhatko,V (2539) Minsk 2014 1-0 (62)}) 18. Nc3 Ke7 19. Rad1 {[%emt 0:42:26] La position est complexe et le
roumain a dépensé près de 45 mns sur cette position pour choisir un plan}
Nf5 $44 20. Rf3 axb4 $1 21. axb4 d4 22. Ne2 Bc6 23. Nxd4 Nxd4 24. Rxd4 Bxf3 25. Bxf3 f6 (25... Ra7 26. b5 b6 27. Rd6 $36 ) 26. Bxb7 Ra1+ 27. Kg2 fxe5 28. Rc4 exf4 29. gxf4 (29. Rc7+ Kf6) 29... Rb1 30. Be4 Rb2+ 31. Kf3 1/2-1/2